Match 42957121
Unlisted

Match 42957121
End
Panzergrenadier Squad
Selects Panzerjäger Kommand Battlegroup
Selects Blockade Equipment
250 Light Carrier
Panzergrenadier Squad
Construct Light Support Kompanie
Panzergrenadier Squad
Selects GrB 39 Grenade Launcher Requisition
Combat Half-tracks
Assault Mechanized Group
2.5-tonne Medical Truck
Selects Defensive Positions
MG34 Team
Selects Butterfly Bomb Drop
Butterfly Bomb Drop
Forward Retreat Point
Panzerjäger Mechanized Group
Butterfly Bomb Drop
Construct Mechanized Kompanie
Skid
King
MothMan
Dancal
💀Punisher💀
gUi
Jhonny Walker
ETO420
0
0

Comments sign in to comment!

No comments posted yet!